 Dungeon Crawl Stone Soup version 0.30.1-4-g462c640d31 (webtiles) character file.

Game seed: 17893419144544529231

65 snarfax the Chopper (level 4, 0/28 HPs)
             Began as a Gargoyle Fighter on Sept 17, 2023.
             Frozen to death by an endoplasm (2 damage)
             ... on level 2 of the Dungeon.
             The game lasted 00:01:41 (706 turns).

snarfax the Chopper (Gargoyle Fighter)               Turns: 706, Time: 00:01:41

Health: 0/28       AC: 12    Str: 21    XL:     4   Next: 13%
Magic:  4/4        EV:  7    Int:  9    God:
Gold:   90         SH:  4    Dex:  9    Spells: 3/3 levels left

rFire   . . .        a - +0 war axe
rCold   . . .        c - +0 buckler
rNeg    + . .        h - +0 chain mail
rPois   ∞            (no helmet)
rElec   +            (no cloak)
rCorr   +            (no gloves)
SInv    .            (no boots)
Will    .....        (no amulet) Stlth
                     e - ring of resist corrosion
HPRegen 0.24/turn    g - ring of flight
MPRegen 0.09/turn

%: no passive effects
@: mighty, flying
A: sickness immunity, AC +3, negative energy resistance 1, electricity
resistance, torment resistance 1, petrification resistance
a: no special abilities


You were on level 2 of the Dungeon.
You visited 1 branch of the dungeon, and saw 2 of its levels.

You collected 90 gold pieces.

Inventory:

Hand Weapons
 a - a +0 war axe (weapon)
Armour
 b - a +0 scale mail
 c - a +0 buckler (worn)
 h - a +0 chain mail (worn)
Jewellery
 e - a ring of resist corrosion (left hand)
 g - a ring of flight (right hand)
Scrolls
 f - a scroll of fear {unknown}
Potions
 i - a potion of curing {unknown}


   Skills:
 - Level 3.2 Fighting
 * Level 3.9 Axes
 - Level 3.2 Armour
 - Level 3.2 Shields


You had 3 spell levels left.
You didn't know any spells.
Your spell library contained the following spells:

 Spells                   Type           Power      Damage    Failure   Level
 Sandblast                Erth           0%         2d4       98%         1
 Passwall                 Tmut/Erth      0%         N/A       99%         2
 Stone Arrow              Conj/Erth      0%         3d7       100%        3


Dungeon Overview and Level Annotations

Branches:
Dungeon (2/15)

Altars:


Innate Abilities, Weirdness & Mutations

You are immune to sickness and miasma.
Your stone body is resilient. (AC +3)
You are immune to poison.
You resist negative energy. (rN+)
You are resistant to electric shocks. (rElec)
You are resistant to unholy torment.
You are immune to petrification.


Message History

You are too injured to fight recklessly!
You hit the orc.
The orc is moderately wounded.
You closely miss the kobold.
The kobold hits you with a +0 short sword.
The orc hits you but does no damage.
You closely miss the orc priest.
The orc priest is almost dead.
You completely miss the orc. You barely miss the kobold.
The orc priest hits you but does no damage.
The orc hits you but does no damage. The kobold completely misses you.
Unknown command.
You slash the orc priest!
You kill the orc priest!
You barely miss the orc. You hit the kobold.
The orc hits you with a +0 hand axe.
* * * LOW HITPOINT WARNING * * *
The kobold hits you but does no damage. x2; The endoplasm closely misses you.
The orc hits you but does no damage.
You have reached level 4!
You feel clever. The orc attacks as you move away! The orc closely misses you.
You hit the endoplasm.
The endoplasm is almost dead.
The endoplasm jiggles.
The endoplasm barely misses you.
You barely miss the endoplasm.
The endoplasm is almost dead.
The endoplasm closely misses you.
You barely miss the endoplasm.
The endoplasm is almost dead.
The endoplasm freezes you.
You are frozen.
* * * LOW HITPOINT WARNING * * *
You block the endoplasm's attack.
You feel very mighty all of a sudden.
The endoplasm jiggles.
The endoplasm freezes you.
You are frozen.
You die...

...###..... #####.. ..#
#..... #...#.. ... #.....
#...... ####### #.....
#...... ##.....#####.....
# .....##P.PP...##.....<.
#.. ...#PP..P.P..#.......
#....#)#######P###.......
#.oJ@..).#.#.....####
......K#####.#.###...#
#......#..P#.#P..#...#
.......##PP#.#b.##...#
....... ##.#.#.###...####
.......#####.#####.#.....
.........................
...######..........#.##..
........>.....#.# #.


You could see an orc, an endoplasm and a kobold.

Vanquished Creatures
  An orc priest (D:2)
  An adder (D:2)
  2 orcs (D:2)
  An endoplasm (D:1)
  2 giant cockroaches (D:1)
  A goblin (D:1)
  7 jackals (D:1)
  2 quokkas (D:1)
  A ball python (D:1)
  A bat (D:1)
  A frilled lizard (D:1)
  A kobold (D:1)
  3 rats (D:1)
24 creatures vanquished.

Notes
Turn   | Place    | Note
-------+----------+-------------------------------------------
     0 | D:1      | snarfax the Gargoyle Fighter began the quest for the Orb.
     0 | D:1      | Reached XP level 1. HP: 14/14 MP: 1/1
   174 | D:1      | Reached XP level 2. HP: 19/19 MP: 2/2
   655 | D:2      | Reached XP level 3. HP: 23/23 MP: 3/3
   702 | D:2      | Reached XP level 4. HP: 5/28 MP: 4/4
   706 | D:2      | Frozen to death by an endoplasm

Illustrated notes

Levels and vault maps discovered:
D:1:      dpeg_arrival_water_fire, layout_basic
D:2:      layout_rooms, serial_aquarium, aquarium_bridge_square
          [aquarium_subvault_balcony, aquarium_subvault_window,
          aquarium_subvault_bridge, aquarium_subvault_bridge],
          aquarium_window_corridor_1, aquarium_window_1, aquarium_window_1,
          aquarium_window_1, aquarium_view_2d, aquarium_view_2d,
          aquarium_pool_double

Skill      XL: |  1  2 |
---------------+-------+-----
Axes           | 2 3 |  3.9
Fighting       | |  3.2
Armour         | |  3.2
Shields        | |  3.2

Action                     |  1- 3 |  4- 6 || total
---------------------------+-------+-------++-------
  Melee: War axe           |    80 |     3 ||    83
    Use: Scroll            |     1 |       ||     1
         Potion            |       |     1 ||     1
 Armour: Scale mail        |    44 |       ||    44
         Chain mail        |    23 |       ||    23
  Dodge: Dodged            |    59 |     3 ||    62
  Block: Buckler           |    28 |     1 ||    29
